 Dungeon Crawl Stone Soup version 0.20-a0-760-g49f5558 (webtiles) character file.

63 polly the Covered (level 4, 28/28 HPs)
             Began as a Gargoyle Fighter on Feb 26, 2017.
             Quit the game on level 3 of the Dungeon.
             The game lasted 00:02:48 (1691 turns).

polly the Covered (Gargoyle Fighter)                Turns: 1691, Time: 00:02:48

Health: 28/28      AC: 15    Str: 21    XL:     4   Next: 9%
Magic:  4/4        EV:  3    Int:  8    God:
Gold:   108        SH:  8    Dex:  9    Spells: 3/3 levels left

rFire    . . .     SeeInvis .   a - +0 flail
rCold    . . .     Gourm    .   e - +0 plate armour
rNeg     + . .     Faith    .   c - +0 shield
rPois    ∞         Spirit   .   j - +1 hat
rElec    +         Reflect  .   (no cloak)
rCorr    .         Harm     .   (no gloves)
MR       .....                  (no boots)
Stlth    ..........             (no amulet)
Regen    0.1/turn               (no ring)
MPRegen  0.1/turn               (no ring)

@: heavily drained
A: negative energy resistance 1, electricity resistance, unbreathing,
petrification resistance, rot immunity, AC +3
a: no special abilities


You were on level 3 of the Dungeon.
You were hungry.

You visited 1 branch of the dungeon, and saw 3 of its levels.

You collected 108 gold pieces.

Inventory:

Hand Weapons
 a - a +0 flail (weapon)
Armour
 b - a +0 scale mail
 c - a +0 shield (worn)
 e - a +0 plate armour (worn)
 j - a +1 hat (worn)
Scrolls
 g - 2 scrolls of teleportation {unknown}
 l - a scroll of remove curse {unknown}
 o - 2 scrolls of identify {unknown}
 q - a scroll of fear {unknown}
Potions
 d - a potion of might
 h - a potion of invisibility {unknown}
 i - a potion of brilliance {unknown}
 m - a potion of degeneration {unknown}
 n - a potion of magic {unknown}
 p - a potion of curing {unknown}
Comestibles
 f - a bread ration
 k - a meat ration


   Skills:
 + Level 3.6(1.9) Fighting
 + Level 3.0(1.4) Maces & Flails
 + Level 3.8(2.1) Armour
 + Level 3.8(2.2) Shields


You had 3 spell levels left.
You didn't know any spells.

Dungeon Overview and Level Annotations

Branches:
Dungeon (3/15)

Altars:
Ashenzari
Cheibriados
Elyvilon
Hepliaklqana
Uskayaw


Innate Abilities, Weirdness & Mutations

You are resistant to torment.
Your stone body is resilient. (AC +3)
You are immune to poison.
You resist negative energy. (rN+)
You are resistant to electric shocks. (rElec)
You can survive without breathing.
You are immune to petrification.
You are immune to rotting.


Message History

The jackal barely misses you. You block the jackal's attack.
Your shield and plate armour prevent you from hitting the jackal.
The jackal bites you but does no damage. x2
You hit the jackal but do no damage. The jackal barely misses you.
The jackal bites you but does no damage.
You thump the jackal!
You kill the jackal!
No target in view!
No target in view!
No target in view!
No target in view!
No target in view!
No target in view!
No target in view!
No target in view!
No target in view!
No target in view!
No target in view!
No target in view!
Are you sure you want to abandon this character and quit the game? (Confirm with "yes".) ## .# .# ###.# #<@.# #####

There were no monsters in sight!

Vanquished Creatures
  2 adders (D:2)
  A worm (D:2)
  A dart slug (D:1)
  7 bats
  4 giant cockroaches
  5 goblins
  6 hobgoblins
  2 jackals (D:3)
  A ball python (D:1)
  5 kobolds
  4 rats
38 creatures vanquished.

Notes
Turn   | Place    | Note
-------+----------+-------------------------------------------
     0 | D:1      | polly the Gargoyle Fighter began the quest for the Orb.
     0 | D:1      | Reached XP level 1. HP: 14/14 MP: 1/1
   234 | D:1      | Reached XP level 2. HP: 19/19 MP: 2/2
   406 | D:1      | Found a snail-covered altar of Cheibriados.
   808 | D:1      | Reached XP level 3. HP: 21/23 MP: 3/3
  1209 | D:2      | Found a shattered altar of Ashenzari.
  1599 | D:2      | Found a white marble altar of Elyvilon.
  1599 | D:2      | Found a hazy altar of Hepliaklqana.
  1604 | D:2      | Found a hide-covered altar of Uskayaw.
  1610 | D:2      | Reached XP level 4. HP: 28/28 MP: 4/4
  1611 | D:2      | Found a faded altar of an unknown god.
  1612 | D:2      | Found a faded altar of an unknown god.
  1691 | D:3      | Quit the game

Vault maps used:
D:1:      shiori_arrival_maze, cheibriados_altar_1
D:2:      ashenzari_conservatory_becter, chequers_temple_overflow_minitemple
D:3:      first_bread

Skill      XL: |  1  2  3 |
---------------+----------+-----
Maces & Flails | 3 |  3.0
Fighting       | |  3.6
Armour         | |  3.8
Shields        | |  3.8

Action                   |  1- 3 |  4- 6 || total
-------------------------+-------+-------++-------
Melee: Flail             |   205 |     8 ||   213
  Eat: Chunk             |     2 |       ||     2
Armor: Scale mail        |     7 |       ||     7
       Plate armour      |   175 |    12 ||   187
Dodge: Dodged            |    25 |     3 ||    28
Block: Shield            |   132 |     8 ||   140
